 Dungeon Crawl Stone Soup version 0.19.4 (webtiles) character file.

116 Naow the Conjurer (level 4, -3/24 HPs)
             Began as a Deep Elf Conjurer on Jan 30, 2017.
             Killed from afar by an orc wizard (7 damage)
             ... with a magic dart
             ... on level 3 of the Dungeon.
             The game lasted 00:02:08 (1794 turns).

Naow the Conjurer (Deep Elf Conjurer)               Turns: 1794, Time: 00:02:08

Health: -3/24      AC:  2    Str:  5    XL:     4   Next: 69%
Magic:  0/12       EV: 13    Int: 21    God:
Gold:   78         SH:  0    Dex: 15    Spells: 2 memorised, 8 levels left

rFire  . . .     SeeInvis .     (no weapon)
rCold  . . .     Gourm    .     a - +0 robe
rNeg   . . .     Faith    .     (no shield)
rPois  .         Spirit   .     (no helmet)
rElec  .         Reflect  .     (no cloak)
rCorr  .         Harm     .     (no gloves)
MR     .....                    (no boots)
Stlth  ++........               (no amulet)
                                (no ring)
                                (no ring)

@: no status effects
A: no striking features
a: no special abilities


You were on level 3 of the Dungeon.
You were not hungry.

You visited 1 branch of the dungeon, and saw 3 of its levels.

You collected 78 gold pieces.

Inventory:

Armour
 a - a +0 robe (worn)
Wands
 l - a wand of digging (20/24)
Scrolls
 d - a scroll of noise {unknown}
 e - 4 scrolls of identify {unknown}
 f - a scroll of remove curse {unknown}
 i - a scroll of immolation {unknown}
 o - a scroll of amnesia {unknown}
Potions
 j - a potion of curing {unknown}
 k - 3 potions of degeneration {unknown}
 n - a potion of agility {unknown}
Books
 b - a book of Conjurations

   Spells                             Type                      Level
   a - Magic Dart                     Conjuration                  1
   b - Searing Ray                    Conjuration                  2
   c - Dazzling Spray                 Conjuration/Hexes            3
   d - Fulminant Prism                Conjuration/Hexes            4
   e - Iskenderun's Mystic Blast      Conjuration                  4
   f - Iskenderun's Battlesphere      Conjuration/Charms           5
Comestibles
 c - 3 bread rations
 g - a beef jerky
 h - a meat ration
 m - 2 chunks of flesh


   Skills:
 - Level 2.4 Dodging
 - Level 2.4 Stealth
 + Level 4.3 Spellcasting
 * Level 6.1 Conjurations


You had 8 spell levels left.
You knew the following spells:

 Your Spells              Type           Power        Failure   Level  Hunger
a - Magic Dart            Conj           ####         1%          1    None
b - Searing Ray           Conj           ####..       1%          2    #......


Dungeon Overview and Level Annotations

Branches:
Dungeon (3/15)

Altars:

Annotations:
D:3 Grinder, Sigmund


Message History

You don't have enough magic to cast that spell.
Casting: Magic Dart
Confirm with . or Enter, or press ? or * to list all spells.
You don't have enough magic to cast that spell.
Casting: Magic Dart
Confirm with . or Enter, or press ? or * to list all spells.
You don't have enough magic to cast that spell.
Casting: Magic Dart
Confirm with . or Enter, or press ? or * to list all spells.
You don't have enough magic to cast that spell.
The orc wizard gestures at you while chanting.
The puff of flame hits you!
The orc wizard points at you and mumbles some strange words.
The puff of frost hits you!
The orc wizard gestures at you while chanting.
The magic dart hits you!
* * * LOW HITPOINT WARNING * * *
The orc wizard points at you and mumbles some strange words.
The magic dart hits you!
You die...

#.....# #..# #
##...## ..# #.
#...# #. #..)#
.##.##.##...#
..........)#.#
.##.#.#.##..#.#
....###.#..#.#
#..#....@#.# ###
#....###.#.# ...
###..###.#.# ..
#...#.##.#.#
#.#..###.....#.##
#...## ##..o......#
##.#.###....)#....#
#.##.#.####)# ##.#
#. #.......)# #


You could see an orc wizard.

Vanquished Creatures
  Jessica (D:2)
  Terence (D:2)
  An adder (D:2)
  2 adder zombies (D:1)
  A dart slug (D:2)
  5 orcs (D:3)
  A ball python (D:1)
  5 giant cockroaches
  6 goblins
  5 hobgoblins
  A quokka (D:2)
  5 bats
  A frilled lizard (D:1)
  2 kobolds (D:2)
  2 rats (D:1)
39 creatures vanquished.

Notes
Turn   | Place    | Note
-------+----------+-------------------------------------------
     0 | D:1      | Naow the Deep Elf Conjurer began the quest for the Orb.
     0 | D:1      | Reached XP level 1. HP: 10/10 MP: 6/6
   113 | D:1      | Reached XP level 2. HP: 15/15 MP: 6/8
   117 | D:1      | Learned a level 2 spell: Searing Ray
   382 | D:1      | Reached skill level 5 in Conjurations
   904 | D:2      | Noticed Jessica
   909 | D:2      | Killed Jessica
   909 | D:2      | Reached XP level 3. HP: 19/19 MP: 6/10
  1070 | D:2      | Noticed Terence
  1104 | D:2      | Killed Terence
  1104 | D:2      | Reached XP level 4. HP: 24/24 MP: 6/12
  1255 | D:2      | Reached skill level 6 in Conjurations
  1601 | D:3      | Noticed Sigmund
  1601 | D:3      | Noticed Grinder
  1794 | D:3      | Killed from afar by an orc wizard

Skill      XL: |  1  2  3  4 |
---------------+-------------+-----
Conjurations   | 5 6 |  6.1
Spellcasting   | 4 |  4.3
Dodging        | |  2.4
Stealth        | |  2.4

Action                   |  1- 3 |  4- 6 || total
-------------------------+-------+-------++-------
 Cast: Magic Dart        |    41 |    25 ||    66
       Searing Ray       |     2 |     2 ||     4
  Eat: Chunk             |       |     3 ||     3
Dodge: Dodged            |     1 |       ||     1
